 Dungeon Crawl Stone Soup version 0.24.0-125-gc4c63601f3 (webtiles) character file.

Game seed: 4588051448736510265, levelgen mode: deterministic

137 Divind the Skirmisher (level 5, -8/47 HPs)
             Began as a Hill Orc Fighter on Feb 29, 2020.
             Mangled by a kobold
             ... wielding a +2 short sword of electrocution
              (20 damage)
             ... on level 3 of the Dungeon.
             The game lasted 00:05:13 (1832 turns).

Divind the Skirmisher (Hill Orc Fighter)            Turns: 1832, Time: 00:05:13

Health: -8/47      AC: 11    Str: 20    XL:     5   Next: 20%
Magic:  5/5        EV:  5    Int:  8    God:
Gold:   105        SH:  9    Dex: 10    Spells: 4/4 levels left

rFire    . . .     SeeInvis .   a - +0 long sword
rCold    . . .     Gourm    .   c - +0 shield
rNeg     . . .     Faith    .   i - +0 chain mail (curse)
rPois    .         Spirit   .   (no helmet)
rElec    .         Reflect  .   (no cloak)
rCorr    .         Harm     .   (no gloves)
MR       +....                  (no boots)
Stlth    ..........             (no amulet)
HPRegen  0.15/turn              (no ring)
MPRegen  0.09/turn              (no ring)

@: no status effects
A: molten scales 1, magic resistance 1
a: no special abilities


You were on level 3 of the Dungeon.
You were not hungry.

You visited 1 branch of the dungeon, and saw 3 of its levels.

You collected 105 gold pieces.

Inventory:

Hand Weapons
 a - a +0 long sword (weapon)
Armour
 b - a +0 scale mail
 c - a +0 shield (worn)
 i - a cursed +0 chain mail (worn)
Scrolls
 e - a scroll of blinking
 g - a scroll of teleportation {unknown}
 l - a scroll of enchant weapon {unknown}
 n - a scroll of fog {unknown}
 o - a scroll of amnesia
Potions
 d - a potion of might
 h - a potion of haste {unknown}
 k - a potion of curing
 m - a potion of degeneration {unknown}
Comestibles
 f - 3 rations


   Skills:
 + Level 4.8 Fighting
 + Level 3.7 Long Blades
 + Level 3.7 Armour
 + Level 0.2 Dodging
 + Level 4.1 Shields


You had 4 spell levels left.
You didn't know any spells.
Your spell library was empty.

Dungeon Overview and Level Annotations

Branches:
Dungeon (3/15)

Altars:
Ashenzari
Makhleb
Okawaru
Xom


Innate Abilities, Weirdness & Mutations

You are partially covered in molten scales. (AC +2)
You are resistant to hostile enchantments. (MR+)


Message History

The hobgoblin hits you. You block the kobold's attack.
The hobgoblin hits you but does no damage.
The kobold hits you but does no damage.
You are electrocuted!
You closely miss the hobgoblin.
The hobgoblin is moderately wounded.
The hobgoblin hits you but does no damage.
The kobold hits you with a +2 short sword of electrocution.
You are electrocuted!
You barely miss the hobgoblin.
The hobgoblin is moderately wounded.
You block the hobgoblin's attack. You block the kobold's attack.
You hit the hobgoblin but do no damage.
The hobgoblin is moderately wounded.
The hobgoblin hits you but does no damage.
The kobold hits you but does no damage.
The hobgoblin hits you but does no damage.
The kobold hits you with a +2 short sword of electrocution.
* * * LOW HITPOINT WARNING * * *
You are electrocuted!!
You die...

........# #.
######.#.# ####
#.## ..........
....##...
######....
##...#..#
########.#
#.......#
.........#
........#
########.#
#.....Kg# # #..
#...#.@##.# ##.
#.........#
########.#
###.###..####
#.......##
.........#
#.######.#
######.########.#
##. #..........#
#. #.###########
#. #.# #...### #.
#.# #..... ..


You could see a hobgoblin and a kobold.

Vanquished Creatures
  Jessica (D:3)
  4 gnolls (D:3)
  An adder (D:2)
  An ooze (D:3)
  A worm (D:3)
  4 leopard geckos (D:1)
  A ball python (D:3)
  2 giant cockroaches (D:1)
  4 goblins
  7 hobgoblins
  7 kobolds
  4 quokkas
  7 bats
  5 frilled lizards
  3 rats
52 creatures vanquished.

Notes
Turn   | Place    | Note
-------+----------+-------------------------------------------
     0 | D:1      | Divind the Hill Orc Fighter began the quest for the Orb.
     0 | D:1      | Reached XP level 1. HP: 19/19 MP: 1/1
    60 | D:1      | Reached XP level 2. HP: 27/27 MP: 2/2
   206 | D:1      | Gained mutation: You are partially covered in molten
                  | scales. (AC +2) [potion of mutation]
   206 | D:1      | Gained mutation: You have large cloven feet. [potion of
                  | mutation]
   206 | D:1      | Lost mutation: You have large cloven feet. [potion of
                  | mutation]
   206 | D:1      | Gained mutation: You are resistant to hostile enchantments.
                  | (MR+) [potion of mutation]
   272 | D:1      | Reached XP level 3. HP: 33/33 MP: 3/3
   700 | D:2      | Found a shimmering altar of Xom.
   751 | D:2      | Found a burning altar of Makhleb.
   883 | D:2      | Found a shattered altar of Ashenzari.
  1003 | D:2      | Found an iron altar of Okawaru.
  1236 | D:2      | You fall into a shaft and drop 1 floor!
  1333 | D:3      | Reached XP level 4. HP: 29/41 MP: 4/4
  1458 | D:3      | Noticed Jessica
  1466 | D:3      | Killed Jessica
  1526 | D:3      | Reached XP level 5. HP: 22/47 MP: 5/5
  1832 | D:3      | Mangled by a kobold

Levels and vault maps discovered:
D:1:      denvon_arrival_waterhouse, layout_basic, hangedman_decor_opposing
D:2:      layout_loops_ring, bloody_makhleb, ashenzari_conservatory_becter,
          overflow_temple_1_default, okawaru_metal_pillars_1_2
D:3:      layout_loops_ring, dk_yredelemnul_ordeal, uniq_jessica

Skill      XL: |  1  2  3  4 |
---------------+-------------+-----
Fighting       | 4 |  4.8
Long Blades    | 3 |  3.7
Shields        | 4 |  4.1
Armour         | |  3.7
Dodging        | |  0.2

Action                   |  1- 3 |  4- 6 || total
-------------------------+-------+-------++-------
Melee: Long sword        |   125 |    55 ||   180
  Use: Scroll            |     2 |     2 ||     4
       Potion            |     1 |       ||     1
  Eat: Ration            |     1 |       ||     1
Armor: Scale mail        |    22 |       ||    22
       Chain mail        |    43 |    39 ||    82
Dodge: Dodged            |    46 |    14 ||    60
Block: Shield            |    73 |    33 ||   106
       Rpst.: Long sword |    15 |     6 ||    21
